 Dungeon Crawl Stone Soup version 0.30-a0-613-gdd512c7efb (webtiles) character file.

Game seed: 14951523628640654710

198 oldriver the Trooper (level 6, -4/44 (48) HPs)
             Began as a Formicid Wanderer on Jan 8, 2023.
             Slain by a gnoll bouda
             ... wielding a +0 whip
              (9 damage)
             ... on level 8 of the Dungeon.
             The game lasted 00:09:51 (3864 turns).

oldriver the Trooper (Formicid Wanderer)            Turns: 3864, Time: 00:09:52

HP:   -4/44 (48)    AC:  4    Str: 15    XL:     6   Next: 6%
MP:   7/7           EV: 12    Int: 17    God:
Gold: 108           SH:  5    Dex: 11    Spells: 6/7 levels left

rFire   . . .      SeeInvis +    m - +3 falchion
rCold   . . .      Faith    .    (no shield)
rNeg    . . .      Spirit   .    b - +0 robe
rPois   .          Reflect  +    (helmet unavailable)
rElec   .          Harm     .    (no cloak)
rCorr   .          Rampage  .    (no gloves)
Will    .....                    p - +1 pair of boots
Stlth   ++                       f - amulet of reflection
HPRegen 0.27/turn                (no ring)
MPRegen 0.10/turn                (no ring)

@: mighty, weakened, drained
A: permanent stasis, dig shafts and tunnels, antennae 3, four strong arms
a: Dig, Shaft Self


You were on level 8 of the Dungeon.
You visited 1 branch of the dungeon, and saw 6 of its levels.
You also visited: Ossuary.

You collected 216 gold pieces.
You spent 108 gold pieces at shops.

Inventory:

Hand Weapons
 m - a +3 falchion (weapon)
 q - a +2 heavy sling
Missiles
 l - 9 poisoned darts
 s - a boomerang of dispersal
Armour
 b - a +0 robe (worn)
 p - a +1 pair of boots (worn)
Jewellery
 f - an amulet of reflection (around neck)
Scrolls
 a - 2 scrolls of poison
 r - a scroll of identify
Potions
 c - 6 potions of curing
 d - 2 potions of resistance {unknown}
 e - 2 potions of lignification {unknown}
 g - 2 potions of flight {unknown}
 h - 2 potions of attraction {unknown}
 i - 2 potions of might
 j - a potion of brilliance {unknown}
 k - a potion of degeneration {unknown}
 n - 4 potions of magic {unknown}
 o - 4 potions of heal wounds {unknown}


   Skills:
 + Level 3.9 Fighting
 * Level 2.9 Long Blades
 - Level 1.0 Throwing
 - Level 1.0 Armour
 - Level 2.0 Dodging
 + Level 2.6 Stealth
 - Level 1.1 Spellcasting
 - Level 2.0 Summonings
 - Level 2.0 Transmutations
 - Level 1.1 Evocations


You had 6 spell levels left.
You knew the following spells:

 Your Spells              Type           Power      Damage    Failure   Level
a - Beastly Appendage     Tmut           14%        N/A       10%         1

Your spell library contained the following spells:

 Spells                   Type           Power      Damage    Failure   Level
 Summon Small Mammal      Summ           28%        N/A       10%         1
 Ignite Poison            Fire/Tmut/Pois 3%         N/A       43%         3
 Summon Ice Beast         Ice/Summ       4%         N/A       80%         4
 Summon Lightning Spire   Summ/Air       4%         N/A       80%         4


Dungeon Overview and Level Annotations

Branches:
Dungeon (7/15)            Ossuary (visited)
 Temple: D:4-7

Altars:

Shops:
D:1 (


Innate Abilities, Weirdness & Mutations

You cannot be hasted, slowed, berserked, paralysed or teleported.
You can dig through walls and to a lower floor.
You have a pair of large antennae on your head. (SInv)
Your four strong arms can wield two-handed weapons with a shield.


Message History

The gnoll closely misses you.
You aren't carrying any items that you can evoke.
Really read the scroll of poison?
The air fills with toxic fumes!
As you read the scroll of poison, it crumbles to dust.
The gnoll bouda gazes fiercely through you!
You feel as though you will be weak longer.
You block the gnoll bouda's attack. The gnoll barely misses you.
You hear a shout!
You barely miss the gnoll bouda.
The gnoll bouda is heavily wounded.
The gnoll barely misses you.
The gnoll bouda hits you with a +0 whip. x2
The gnoll misses you.
You aren't carrying any items that you can evoke.
Throw: 4 boomerangs (disperse)
Press: ? - help, Shift-Dir - straight line, f - gnoll bouda
Aim: a gnoll bouda, wielding a +0 whip and wearing a +0 leather armour (moderately wounded, 60% to hit)
You throw a boomerang of dispersal.
The boomerang of dispersal barely misses the gnoll bouda.
You block the gnoll bouda's attack. The gnoll misses you.
Throw: 3 boomerangs (disperse)
Press: ? - help, Shift-Dir - straight line, f - gnoll, p - gnoll bouda
Aim: a gnoll, wielding a +0 halberd (covering ground quickly, 60% to hit)
You throw a boomerang of dispersal.
The boomerang of dispersal hits the gnoll bouda but does no damage.
The gnoll bouda is moderately wounded.
The gnoll bouda hits you with a +0 whip!
* * * LOW HITPOINT WARNING * * *
The gnoll misses you.
Throw: 2 boomerangs (disperse)
Press: ? - help, Shift-Dir - straight line, f/p - gnoll
Aim: a gnoll, wielding a +0 halberd (covering ground quickly, 60% to hit)
You throw a boomerang of dispersal.
The boomerang of dispersal hits the gnoll bouda but does no damage.
The gnoll bouda is moderately wounded.
The gnoll hits you from afar with a +0 halberd!
* * * LOW HITPOINT WARNING * * *
The gnoll bouda hits you with a +0 whip!
You die...

#g. #.#..(# #{##...( #
#.....# ##.#### #...#
....... #...# .......##.#.#
............#.#
..........#..#.###
..........##.#{#@#
..#####...##.#.#g# { ...
#.#...{#.g§# .# ##
#>...###§☼§#
##..###.....##§§§#
.........#.(.#§§§# #####
.........#.#.#§§§## ..(.#
....$....#.#.§§§§§##....#
.........#.###..........###


You could see a gnoll bouda and a gnoll (swift).

Vanquished Creatures
  A scorpion (D:4)
  A jelly (D:8)
  A gnoll (D:8)
  4 adders
  2 worms (D:3)
  2 dart slugs
  4 bats
  5 endoplasms
  A giant cockroach (D:3)
  5 goblins
  3 hobgoblins
  8 jackals
  4 kobolds
  3 quokkas (D:2)
  3 ball pythons
  3 frilled lizards
  3 rats
53 creatures vanquished.

Notes
Turn   | Place    | Note
-------+----------+-------------------------------------------
     0 | D:1      | oldriver the Formicid Wanderer began the quest for the Orb.
     0 | D:1      | oldriver set off with the following items: a +0 club, a +0
                  | robe, 2 potions of curing; and the following spells
                  | available to memorise: Summon Small Mammal, Beastly
                  | Appendage, Ignite Poison, Summon Ice Beast, Summon
                  | Lightning Spire.
     0 | D:1      | Reached XP level 1. HP: 16/16 MP: 2/2
     5 | D:1      | Learned a level 1 spell: Beastly Appendage
   170 | D:1      | Reached XP level 2. HP: 20/23 MP: 1/3
   220 | D:1      | Found Dyaduato's Antique Weapon Shoppe.
   868 | D:2      | Reached skill level 3 in Fighting
   868 | D:2      | Reached XP level 3. HP: 21/29 MP: 2/4
  1419 | D:2      | Identified the +5 spear of the Turnip {speed, Str+4}
  1840 | D:3      | Reached skill level 1 in Long Blades
  1840 | D:3      | Reached skill level 1 in Stealth
  1887 | D:3      | Reached XP level 4. HP: 22/35 MP: 5/5
  2056 | D:3      | Found a faded altar of an unknown god.
  2235 | D:3      | Reached skill level 1 in Armour
  2765 | D:1      | Bought a glowing sling for 108 gold pieces
  2934 | D:4      | Found a sand-covered staircase.
  2947 | Ossuary  | Entered an ossuary
  3047 | D:4      | Reached XP level 5. HP: 21/41 MP: 6/6
  3430 | D:4      | You fall into a shaft and drop 3 floors!
  3507 | D:7      | You fall into a shaft and drop 1 floor!
  3542 | D:8      | Noticed a centaur
  3740 | D:8      | Reached XP level 6. HP: 46/48 MP: 5/7
  3864 | D:8      | Slain by a gnoll bouda

Illustrated notes

Levels and vault maps discovered:
D:1:      grunt_arrival_crossed_arrows, layout_basic, serial_shops,
          nicolae_shop_statue_plus, minmay_misc_feat_alley
D:2:      minmay_angry_zag, layout_loops_ring
D:3:      layout_loops_ring, nicolae_ecumenical_lake_church,
          minmay_crystal_water
D:4:      layout_cave_pods, minmay_temple_entry_glassed_door, enter_ossuary_1
D:7:      layout_basic, serial_shops, kennysheep_mini_moat,
          hangedman_abyss_or_decor_jellyfish_corner, uniq_prince_ribbit1,
          uniq_duvessa
D:8:      layout_rooms, mainiacjoe_overflow_six_doors_small, uniq_psyche

Skill      XL: |  1  2  3  4  5 |
---------------+----------------+-----
Dodging        | 2 |  2.0
Transmutations | 2 |  2.0
Fighting       | 3 |  3.9
Long Blades    | 1 2 |  2.9
Stealth        | 1 2 |  2.6
Armour         | 1 |  1.0
Throwing       | |  1.0
Spellcasting   | |  1.1
Summonings     | |  2.0
Evocations     | |  1.1

Action                   |  1- 3 |  4- 6 || total
-------------------------+-------+-------++-------
Melee: Club              |    74 |       ||    74
       Kick              |    11 |     5 ||    16
       Punch             |     1 |     2 ||     3
       Falchion          |    44 |    87 ||   131
Throw: Dart              |       |     3 ||     3
       Boomerang         |       |     3 ||     3
 Cast: Beastly Appendage |    17 |     9 ||    26
 Abil: Dig               |       |     4 ||     4
       Shaft Self        |       |     1 ||     1
       End Transformatio |       |     1 ||     1
  Use: Scroll            |     5 |     2 ||     7
       Potion            |       |     2 ||     2
 Stab: Sleeping          |     1 |       ||     1
Armor: Robe              |    29 |    29 ||    58
Dodge: Dodged            |    87 |    66 ||   153
Block: Other             |       |    22 ||    22

Table legend: (Time is in decaauts)
 A = Elapsed time spent in this place.
 B = Non-inter-level travel time spent in this place.
 C = Inter-level travel time spent in this place.
 D = Time resting spent in this place.
 E = Time spent auto-exploring this place.
 F = Levels seen in this place.
 G = Mean time per level.
                   A        B        C        D        E       F      G
               +--------+--------+--------+--------+--------+-----+--------+
         Total |   3917 |   3643 |    274 |    455 |   2216 |   7 |  559.6 |
       Dungeon |   3909 |   3635 |    274 |    455 |   2216 |   6 |  651.5 |
       Ossuary |      8 |      8 |      0 |      0 |      0 |   1 |    8.0 |
               +--------+--------+--------+--------+--------+-----+--------+

Top non-repeatable levels by time:
     D:2: 1110 daAuts
     D:3: 908 daAuts
     D:1: 847 daAuts
     D:4: 605 daAuts
     D:8: 360 daAuts
     D:7: 76 daAuts
 Ossuary: 8 daAuts
